 Dungeon Crawl Stone Soup version 0.22-a0-803-gd6d8abe (webtiles) character file.

64 Gildeon the Ruffian (level 3, 0/29 HPs)
             Began as a Draconian Transmuter on July 22, 2018.
             Slain by an adder (1 damage)
             ... on level 3 of the Dungeon.
             The game lasted 00:09:48 (1588 turns).

Gildeon the Ruffian (Draconian Transmuter)          Turns: 1588, Time: 00:09:50

Health: 0/29       AC:  6    Str: 12    XL:     3   Next: 91%
Magic:  6/6        EV: 12    Int: 14    God:
Gold:   167        SH:  0    Dex: 11    Spells: 0/6 levels left

rFire    . . .     SeeInvis .     - Unarmed
rCold    . . .     Gourm    .   (no shield)
rNeg     . . .     Faith    .   (armour unavailable)
rPois    .         Spirit   .   (helmet restricted)
rElec    .         Reflect  .   (no cloak)
rCorr    .         Harm     .   b - +0 pair of gloves (curse)
MR       .....                  (no boots)
Stlth    +.........             (no amulet)
HPRegen  0.09/turn              (no ring)
MPRegen  0.10/turn              (no ring)

@: lethally poisoned (0 -> -22)
A: unfitting armour, cold-blooded, AC +5
a: no special abilities


You were on level 3 of the Dungeon.
You were not hungry.

You visited 1 branch of the dungeon, and saw 3 of its levels.

You collected 167 gold pieces.

Inventory:

Missiles
 a - 28 arrows
Armour
 b - a cursed +0 pair of gloves (worn)
Scrolls
 d - a scroll of enchant weapon
 i - 2 scrolls of amnesia
Potions
 g - a potion of berserk rage
 h - a potion of flight {unknown}
Comestibles
 c - 3 rations
 k - 4 chunks of flesh


   Skills:
 + Level 2.1 Fighting
 + Level 2.3 Dodging
 + Level 3.4 Unarmed Combat
 + Level 2.4 Spellcasting
 + Level 2.5 Transmutations


You couldn't memorise any spells.
You knew the following spells:

 Your Spells              Type           Power        Failure   Level  Hunger
a - Beastly Appendage     Tmut           #.....       8%          1    #......
b - Sticks to Snakes      Tmut           #.......     12%         2    ###....
c - Spider Form           Tmut/Pois      #.........   38%         3    ###....

Your spell library contained the following spells:

 Spells                   Type           Power        Failure   Level  Hunger
 Blade Hands              Tmut           #.........   91%         5    ######.
 Ice Form                 Ice/Tmut       #.......     80%         4    #####..


Dungeon Overview and Level Annotations

Branches:
Dungeon (3/15)

Altars:


Innate Abilities, Weirdness & Mutations

Your plain brown scales are hard. (AC +5)
You cannot fit into any form of body armour.
You are cold-blooded and may be slowed by cold attacks.


Message History

The adder is severely wounded.
You feel sick. The adder bites you.
* * * LOW HITPOINT WARNING * * *
You are more poisoned.
The adder poisons you!
You barely miss the adder.
The adder is heavily wounded.
* * * LOW HITPOINT WARNING * * *
You feel sick. The adder bites you.
* * * LOW HITPOINT WARNING * * *
You are more poisoned.
The adder poisons you!
It was a potion of cancellation.
Your magical effects are unravelling.
You feel magically purged.
Your magical contamination has completely faded away.
Your horns disappear.
* * * LOW HITPOINT WARNING * * *
You feel sick. The adder bites you.
You die...

#.# #.....# *,#
#†# ###.### *,***
#.# #.# *,,,** #.#
#.# *,,,,, #.#####
*,******,***,
#.....# *,,,,,,,,*
*, #####.#
********,***, #.#
*,,,,, #@# ***,**
#S# ******,,,, #.#
*****,,,,,,,,, #.#
*,,,,,,,,,,,,,
#.#**,***,****,***
#..,,,,,,,* *,* *
###,*,*,*,* **,* *
*,*,,,*,* *,,* *
*,***,*,* *,,* *


You could see an adder.

Vanquished Creatures
  2 adders (D:2)
  2 worms (D:2)
  An orc (D:3)
  2 giant cockroaches
  6 hobgoblins
  4 jackals (D:1)
  2 kobolds
  A quokka (D:2)
  A ball python (D:2)
  3 bats
  4 frilled lizards
  5 goblins
  6 rats
39 creatures vanquished.

Notes
Turn   | Place    | Note
-------+----------+-------------------------------------------
     0 | D:1      | Gildeon the Draconian Transmuter began the quest for the Orb.
     0 | D:1      | Reached XP level 1. HP: 16/16 MP: 3/3
   531 | D:1      | Reached XP level 2. HP: 20/23 MP: 3/5
   544 | D:1      | Learned a level 2 spell: Sticks to Snakes
   928 | D:2      | Reached XP level 3. HP: 9/29 MP: 3/6
  1076 | D:2      | Learned a level 3 spell: Spider Form
  1588 | D:3      | HP: 1/29 [poisoned by an adder]
  1588 | D:3      | Slain by an adder

Vault maps used:
D:1:      dpeg_arrival_water_fire
D:3:      first_ration, st_stairs_13, serial_park_tiny_1

Skill      XL: |  1  2  3 |
---------------+----------+-----
Dodging        | 2 |  2.3
Fighting       | 2 |  2.1
Unarmed Combat | |  3.4
Spellcasting   | |  2.4
Transmutations | |  2.5

Action                   || total
-------------------------++-------
Melee: Unarmed           ||   150
       Tailslap          ||    17
       Headbutt          ||     7
       Kick              ||    11
       Punch             ||     1
 Cast: Beastly Appendage ||    25
  Use: Scroll            ||     8
       Potion            ||     2
  Eat: Chunk             ||     3
Armor: Skin              ||    32
Dodge: Dodged            ||    87

Table legend:
 A = Spawn XP
 B = Non-spawn XP
 C = Spawn XP percentage of total XP
 D = Spawn monster count
 E = Non-spawn monster count
 F = Spawn count percentage of total count
 G = Total turns spent on level
                    A         B        C        D         E        F      G
               +---------+---------+-------+---------+---------+-------+---------
         Total |       0 |      92 |   0.0 |       0 |      39 |   0.0 |  1588
               +---------+---------+-------+---------+---------+-------+---------
           D:1 |       0 |      28 |   0.0 |       0 |      19 |   0.0 |   855
           D:2 |       0 |      56 |   0.0 |       0 |      16 |   0.0 |   652
           D:3 |       0 |       8 |   0.0 |       0 |       4 |   0.0 |    81
               +---------+---------+-------+---------+---------+-------+---------
